 Dungeon Crawl Stone Soup version 0.27.1-3-gb3d3a73c9e (webtiles) character file.

Game seed: 15705760393807393897

18021 Doot the Destroyer (level 12, -4/89 HPs)
             Began as a Grey Draconian Conjurer on Oct 17, 2021.
             Was a High Priest of Sif Muna.
             Slain by a skeletal warrior (19 damage)
             ... led by a skeletal warrior
             ... on level 12 of the Dungeon.
             The game lasted 00:34:13 (16010 turns).

Doot the Destroyer (Grey Draconian Conjurer)       Turns: 16010, Time: 00:34:13

Health: -4/89      AC: 13    Str: 15    XL:     12   Next: 24%
Magic:  1/25       EV: 15    Int: 24    God:    Sif Muna [*****.]
Gold:   415        SH:  0    Dex: 15    Spells: 4/30 levels left

rFire    + + .     SeeInvis .   a - +0 spear
rCold    + + +     Faith    +   (no shield)
rNeg     . . .     Spirit   .   (armour unavailable)
rPois    .         Reflect  .   (helmet restricted)
rElec    .         Harm     .   v - scarf {rC+ rF+}
rCorr    .         Rampage  .   (no gloves)
Will     +....                  (no boots)
Stlth    ++++......             d - amulet of faith
HPRegen  0.24/turn              p - ring of Vaagrim {rF+ rC+++ Will+ Str+3}
MPRegen  0.19/turn              F - ring of Hoifutoa {Str+2 Dex+6}

@: about to teleport
A: AC +13, amphibious, unfitting armour, cold-blooded
a: Renounce Religion, Channel Magic, Forget Spell, Divine Exegesis


You were on level 12 of the Dungeon.
You worshipped Sif Muna.
Sif Muna was extremely pleased with you.
You visited 2 branches of the dungeon, and saw 13 of its levels.
You also visited: Ossuary and Bailey.

You collected 760 gold pieces.
You spent 345 gold pieces at shops.

Inventory:

Hand Weapons
 a - a +0 spear (weapon)
Missiles
 b - 38 poisoned darts
 f - a throwing net
Armour
 j - a scarf of repulsion
 v - a scarf of resistance (worn)
Magical Staves
 t - a staff of earth
 y - a staff of death
 H - a staff of air
Jewellery
 d - an amulet of faith (around neck)
 e - a ring of see invisible
 p - the ring of Vaagrim (left hand) {rF+ rC+++ Will+ Str+3}
   (You acquired it on level 1 of the Dungeon)

   [ring of protection from fire]

   Str:       It affects your strength (+3).
   rF:        It protects you from fire.
   rC:        It renders you almost immune to cold.
   Will:      It increases your willpower.
 C - a ring of resist corrosion
 E - an amulet of regeneration
 F - the ring of Hoifutoa (right hand) {Str+2 Dex+6}
   (You acquired it on level 1 of the Dungeon)

   [ring of dexterity]

   Str:       It affects your strength (+2).
   Dex:       It affects your dexterity (+6).
Wands
 l - a wand of flame (32)
 z - a wand of paralysis (14)
 K - a wand of mindburst (15)
 N - a wand of iceblast (21)
Scrolls
 g - 10 scrolls of teleportation
 i - 3 scrolls of torment
 k - 2 scrolls of enchant weapon
 m - 3 scrolls of fear
 n - 4 scrolls of magic mapping
 o - 2 scrolls of holy word {unknown}
 s - 4 scrolls of fog
 w - 5 scrolls of blinking
 x - 4 scrolls of summoning
 A - 2 scrolls of amnesia {unknown}
 L - 3 scrolls of immolation
 M - a scroll of vulnerability {unknown}
 Q - a scroll of silence {unknown}
Potions
 c - 4 potions of ambrosia
 h - 6 potions of cancellation
 q - 3 potions of brilliance
 r - 2 potions of heal wounds {unknown}
 u - 5 potions of curing
 B - 7 potions of mutation
 D - a potion of resistance {unknown}
 G - a potion of magic {unknown}
 I - a potion of experience
 J - a potion of haste {unknown}
 O - a potion of degeneration {unknown}
 P - 2 potions of invisibility {unknown}


   Skills:
 + Level 3.3 Fighting
 + Level 4.7 Polearms
 + Level 6.7 Dodging
 + Level 7.1 Stealth
 + Level 9.9 Spellcasting
 + Level 11.3 Conjurations
 + Level 2.7 Hexes
 + Level 4.5 Translocations
 + Level 1.0 Fire Magic
 * Level 3.5 Earth Magic
 + Level 3.1 Invocations
 + Level 2.0 Evocations


You had 4 spell levels left.
You knew the following spells:

 Your Spells              Type           Power      Damage    Failure   Level
a - Magic Dart            Conj           100%       1d8       1%          1
b - Searing Ray           Conj           100%       3d7       1%          2
c - Iskenderun's Mystic   Conj/Tloc      50%        2d11      1%          4
d - Dazzling Flash        Conj/Hex       90%        N/A       1%          3
e - Fulminant Prism       Conj/Hex       22%        3d13      3%          4
f - Conjure Flame         Conj/Fire      41%        6-21      1%          3
g - Iron Shot             Conj/Erth      23%        9d5       36%         6
h - Stone Arrow           Conj/Erth      94%        3d12      1%          3

Your spell library contained the following spells:

 Spells                   Type           Power      Damage    Failure   Level
 Foxfire                  Conj/Fire      100%       2x1d9     1%          1
 Static Discharge         Conj/Air       39%        N/A       1%          2
 Gell's Gravitas          Tloc           16%        N/A       2%          3
 Lesser Beckoning         Tloc           16%        N/A       2%          3
 Teleport Other           Tloc           33%        N/A       2%          3
 Sticky Flame             Conj/Fire      41%        2d6       4%          4
 Freeze                   Ice            44%        1d6       5%          1
 Sting                    Tmut/Pois      44%        1d5       5%          1
 Summon Small Mammal      Summ           44%        N/A       5%          1
 Hailstorm                Conj/Ice       39%        3d9       5%          4
 Inner Flame              Hex/Fire       21%        N/A       8%          3
 Poisonous Vapours        Pois/Air       22%        N/A       9%          2
 Summon Guardian Golem    Hex/Summ       18%        N/A       9%          3
 Ignite Poison            Fire/Tmut/Pois 13%        N/A       14%         3
 Call Canine Familiar     Summ           11%        N/A       16%         3
 Frozen Ramparts          Ice            22%        1d4       16%         3
 Olgreb's Toxic Radiance  Pois           11%        N/A       47%         4
 Summon Lightning Spire   Summ/Air       11%        N/A       47%         4
 Iskenderun's Battlesphe  Conj           60%        2d11      1%          5
 Lightning Bolt           Conj/Air       19%        1d34      14%         5
 Conjure Ball Lightning   Conj/Air       19%        3x3d6     63%         6
 Agony                    Necr           11%        N/A       83%         5
 Spellforged Servitor     Conj/Summ      19%        N/A       99%         7
 Haunt                    Necr/Summ      5%         N/A       100%        7
 Storm Form               Tmut/Air       5%         N/A       100%        7
 Lehudib's Crystal Spear  Conj/Erth      23%        10d7      100%        8
 Maxwell's Capacitive Co  Air            5%         ∞         100%        8
 Animate Armour           Summ/Erth      Unusable   N/A       N/A         4

Dungeon Overview and Level Annotations

Branches:
Dungeon (12/15)            Temple (1/1) D:4            Lair (0/6) D:9
    Orc (0/2) D:9         Ossuary (visited)          Bailey (visited)

Altars:
Ashenzari
Cheibriados
Dithmenos
Fedhas
Gozag
Hepliaklqana
Kikubaaqudgha
Makhleb
Nemelex Xobeh
Okawaru
Ru
Sif Muna
Trog
Uskayaw
Vehumet
Wu Jian
Xom
Yredelemnul
Zin
Beogh

Shops:
D:11 (

Annotations:
D:6 1 runed translucent door, chujev's ghost, novice TrBe
D:7 2 transporters, raetorn's ghost, novice DjEE
D:8 Harold


Innate Abilities, Weirdness & Mutations

Your dull iron-grey scales are very hard. (AC +13)
You are amphibious.
You cannot fit into any form of body armour.
You are cold-blooded and may be slowed by cold attacks.


Message History

The skeletal warrior hits you from afar with a +0 trident.
A skeletal warrior comes into view. It is wielding a +0 glaive.
Unknown command.
Unknown command.
Casting: Iskenderun's Mystic Blast (dangerous; 1% risk of failure)
Confirm with . or Enter, or press ? or * to list all spells.
You erupt in a blast of force!
The mystic blast hits the skeletal warrior but does no damage.
The skeletal warrior is lightly damaged.
The mystic blast hits the skeletal warrior.
You destroy the skeletal warrior!
Sif Muna accepts your kill.
The mystic blast hits the skeletal warrior!
The skeletal warrior is almost destroyed.
The skeletal warrior is knocked back by the mystic blast.
The skeletal warrior hits you but does no damage.
Unknown command.
Unknown command.
The skeletal warrior hits you from afar with a +0 trident!
The skeletal warrior hits you from afar with a +0 trident!
The skeletal warrior closely misses you.
You fail to use your ability.
The skeletal warrior hits you but does no damage.
The skeletal warrior hits you from afar with a +0 glaive!
The skeletal warrior hits you from afar with a +0 glaive!!
* * * LOW HITPOINT WARNING * * *
Casting: Iskenderun's Mystic Blast (dangerous; 1% risk of failure)
Confirm with . or Enter, or press ? or * to list all spells.
You erupt in a blast of force!
The mystic blast hits the skeletal warrior!
The skeletal warrior is lightly damaged.
The skeletal warrior is knocked back by the mystic blast.
The mystic blast hits the skeletal warrior but does no damage.
The skeletal warrior is severely damaged.
The skeletal warrior hits you but does no damage.
Unknown command.
As you read the scroll of teleportation, it crumbles to dust.
You feel strangely unstable.
The skeletal warrior hits you with a +0 battleaxe!!
You die...

##########################
............z.zz@.........
...........##)z##.........
..##.......##..##.........
...........##.............
.##+#......##........###.
.#..#.##......####...#
.#..#.........# #...# ..#
# .#..########### #...# ..
#..# .#..# #...# .. #..#


You could see 4 skeletal warriors.

Vanquished Creatures
  2 boulder beetles (D:11)
  2 two-headed ogres
  A skeletal warrior (D:12)
  An orc knight (Bailey)
  Pikel (D:6)
  An ugly thing (D:12)
  2 manticores
  Maggie (D:6)
  2 gargoyles
  A kobold demonologist (D:9)
  A troll (D:10)
  2 slime creatures (D:12)
  Sigmund (D:5)
  2 wraiths
  2 shadows
  21 yaks
  Grum (D:10)
  A basilisk (D:9)
  5 vampire mosquitoes
  Menkaure (D:6)
  Duvessa (D:5)
  3 water moccasins
  20 orc warriors
  2 ice beasts (D:7)
  A sky beast (D:5)
  A black bear (D:4)
  An ogre (D:6)
  A necrophage (D:5)
  2 wolves (D:10)
  3 centaurs
  5 bullfrogs
  2 phantoms (D:5)
  2 water moccasin zombies
  5 scorpions
  Dowan (D:5)
  5 howler monkeys
  3 wights (D:10)
  5 centaur zombies
  A human zombie (Ossuary)
  3 jellies
  A hound (D:6)
  A centaur skeleton (D:3)
  3 orc priests (D:9)
  8 iguanas
  4 orc wizards
  Natasha (thrice) (D:2 D:1)
  2 mummies (Ossuary)
  2 howler monkey zombies
  Robin (D:2)
  5 gnolls (Bailey)
  6 adders
  A howler monkey skeleton (D:7)
  2 ufetubi (D:5)
  2 adder zombies (Ossuary)
  4 dart slugs
  51 orcs
  6 ball pythons
  6 endoplasms
  5 giant cockroaches
  30 goblins
  26 hobgoblins
  3 kobolds
  2 quokkas (D:1)
  6 bats
  3 frilled lizards
  2 goblin zombies (Ossuary)
  10 hobgoblin zombies (Ossuary)
  2 jackal zombies (Ossuary)
  13 kobold zombies (Ossuary)
  6 orc zombies (Ossuary)
  6 rats
  A rat zombie (Ossuary)
341 creatures vanquished.

Vanquished Creatures (others)
  A goblin (D:3)
  31 fulminant prisms
  7 plants
39 creatures vanquished.

Grand Total: 380 creatures vanquished

Notes
Turn   | Place    | Note
-------+----------+-------------------------------------------
     0 | D:1      | Doot the Draconian Conjurer began the quest for the Orb.
     0 | D:1      | Reached XP level 1. HP: 14/14 MP: 3/3
   189 | D:2      | Reached XP level 2. HP: 20/20 MP: 0/5
   248 | D:2      | Learned a level 2 spell: Searing Ray
   428 | D:2      | Noticed Natasha
   437 | D:2      | Killed Natasha
   438 | D:2      | Reached skill level 5 in Conjurations
   438 | D:2      | Reached XP level 3. HP: 22/26 MP: 1/6
   451 | D:2      | Noticed Natasha
   461 | D:1      | Killed Natasha
   462 | D:1      | Reached XP level 4. HP: 16/33 MP: 0/7
   643 | D:1      | Learned a level 3 spell: Dazzling Flash
   685 | D:2      | Noticed Robin
   700 | D:3      | Found a shadowy altar of Dithmenos.
   935 | D:4      | Noticed a black bear
   946 | D:4      | Killed a black bear
   947 | D:4      | Reached skill level 6 in Conjurations
   947 | D:4      | Reached XP level 5. HP: 33/38 MP: 3/9
  1007 | D:5      | Entered Level 5 of the Dungeon
  1020 | D:5      | Found an ornate altar of the Wu Jian Council.
  1026 | D:5      | Noticed a sky beast
  1143 | D:6      | Reached XP level 6. HP: 45/45 MP: 5/10
  1205 | D:5      | Learned a level 4 spell: Iskenderun's Mystic Blast
  1445 | D:4      | Found an opulent altar of Gozag.
  1572 | D:4      | Found a staircase to the Ecumenical Temple.
  1578 | Temple   | Entered the Ecumenical Temple
  1775 | Temple   | Became a worshipper of Sif Muna the Loreminder
  1998 | D:2      | Killed Robin
  2262 | D:1      | Reached * piety under Sif Muna
  2273 | D:1      | Found Zoibenea's Magic Scroll Shoppe.
  2284 | D:1      | Bought a scroll of identify for 20 gold pieces
  2499 | D:1      | Found a faded altar of an unknown god.
  3649 | D:3      | Found a radiant altar of Vehumet.
  3980 | D:4      | Found a blossoming altar of Fedhas.
  4006 | D:4      | Your scales start taking on a dull iron-grey colour.
  4006 | D:4      | Reached XP level 7. HP: 51/51 MP: 4/12
  4068 | D:4      | Reached skill level 1 in Polearms
  4761 | D:5      | Reached skill level 7 in Conjurations
  4810 | D:5      | Reached skill level 1 in Fighting
  4870 | D:5      | Found a bloodstained altar of Trog.
  4870 | D:5      | Noticed Sigmund
  4877 | D:5      | Noticed Duvessa
  4878 | D:5      | Killed Sigmund
  4879 | D:5      | Reached XP level 8. HP: 59/59 MP: 4/15
  5028 | D:5      | Reached skill level 1 in Translocations
  5079 | D:5      | Reached skill level 5 in Spellcasting
  5458 | D:1      | Noticed Natasha
  5461 | D:1      | Killed Natasha
  5486 | D:1      | Bought a scroll of blinking for 75 gold pieces
  5486 | D:1      | Bought a scroll of identify for 20 gold pieces
  5486 | D:1      | Bought a scroll of identify for 20 gold pieces
  5486 | D:1      | Bought a scroll of identify for 20 gold pieces
  5567 | D:5      | Killed Duvessa
  5567 | D:5      | Reached ** piety under Sif Muna
  5568 | D:5      | Noticed Dowan
  5662 | D:6      | Noticed Pikel
  5667 | D:6      | Noticed Maggie
  5671 | D:6      | Killed Pikel
  5672 | D:6      | Reached skill level 8 in Conjurations
  6066 | D:5      | Killed Dowan
  6126 | D:5      | Reached XP level 9. HP: 67/67 MP: 12/18
  6392 | D:6      | Killed Maggie
  6474 | D:6      | Reached skill level 5 in Stealth
  6603 | D:6      | Found an ancient bone altar of Kikubaaqudgha.
  6782 | D:6      | Found a runed translucent door.
  6782 | D:6      | Noticed chujev's ghost (novice TrBe)
  6877 | D:6      | Noticed Menkaure
  6885 | D:6      | Killed Menkaure
  7260 | D:7      | Found a sand-covered staircase.
  7266 | Ossuary  | Entered an ossuary
  7414 | Ossuary  | Reached *** piety under Sif Muna
  7895 | D:7      | Found a transporter.
  7898 | D:7      | Identified the ring of Rapn {rC- rCorr Str+6}
  7899 | D:7      | Noticed raetorn's ghost (novice DjEE)
  7906 | D:7      | Identified the +1 kite shield of a wizard's laboratory
                  | {rPois Str+8 Dex-4 Slay-2}
  7984 | D:7      | Reached skill level 1 in Invocations
  8085 | D:7      | Reached skill level 9 in Conjurations
  8507 | D:7      | Found a transporter.
  8782 | D:8      | Reached **** piety under Sif Muna
  8852 | D:8      | Found a sparkling altar of Nemelex Xobeh.
  8852 | D:8      | Found a snail-covered altar of Cheibriados.
  8879 | D:8      | Found a hazy altar of Hepliaklqana.
  8881 | D:8      | Found a broken altar of Ashenzari.
  8883 | D:8      | Found a faded altar of an unknown god.
  8981 | D:8      | Noticed Harold
  9187 | D:9      | Found a flagged portal.
  9252 | Bailey   | Entered a bailey
  9296 | Bailey   | Reached XP level 10. HP: 73/73 MP: 18/21
  9303 | Bailey   | Learned a level 4 spell: Fulminant Prism
  9307 | Bailey   | Learned a level 3 spell: Conjure Flame
  9700 | Bailey   | Reached ***** piety under Sif Muna
  9733 | Bailey   | Received a gift from Sif Muna
  9734 | Bailey   | Got Sif Muna's Catalogue of the Birds and Black Magic {god
                  | gift}
  9899 | Bailey   | Reached skill level 1 in Hexes
 10079 | Bailey   | Noticed an orc knight
 10102 | Bailey   | Killed an orc knight
 10323 | Bailey   | Noticed an orc warlord
 10443 | Bailey   | Reached skill level 1 in Evocations
 11470 | D:9      | Reached skill level 10 in Conjurations
 11706 | D:9      | Reached XP level 11. HP: 68/82 MP: 0/23
 12010 | D:9      | Found a staircase to the Lair.
 12185 | D:9      | Found a staircase to the Orcish Mines.
 12200 | D:9      | Received a gift from Sif Muna
 12365 | D:10     | Entered Level 10 of the Dungeon
 12485 | D:10     | Reached skill level 5 in Dodging
 12542 | D:10     | Noticed Grum
 12555 | D:10     | Killed Grum
 12782 | D:1      | Bought a scroll of immolation for 35 gold pieces
 12782 | D:1      | Bought a scroll of identify for 20 gold pieces
 12782 | D:1      | Bought a scroll of teleportation for 30 gold pieces
 12782 | D:1      | Bought a scroll of enchant weapon for 75 gold pieces
 12782 | D:1      | Bought a scroll of teleportation for 30 gold pieces
 12784 | D:1      | Acquired the ring of Hoifutoa {Str+2 Dex+6}
 12788 | D:1      | Acquired the ring of Vaagrim {rF+ rC+++ Will+ Str+3}
 12969 | D:10     | Noticed a +0 dagger
 12973 | D:10     | Noticed a +0 spear
 12973 | D:10     | Noticed a +0 short sword
 12974 | D:10     | Noticed a +0 falchion
 12974 | D:10     | Noticed a +0 spear
 12975 | D:10     | Noticed a +0 falchion
 12975 | D:10     | Noticed a +0 dagger
 12977 | D:10     | Noticed a +0 short sword
 13016 | D:10     | Found a hide-covered altar of Uskayaw.
 13740 | D:11     | Noticed a boulder beetle
 13833 | D:11     | Killed a boulder beetle
 14072 | D:11     | Found Hecuredgh's Antique Weapon Emporium.
 14423 | D:11     | Noticed a two-headed ogre
 14438 | D:11     | Killed a two-headed ogre
 14439 | D:11     | Reached skill level 1 in Fire Magic
 14629 | D:11     | Noticed a boulder beetle
 14641 | D:11     | Killed a boulder beetle
 14642 | D:11     | Reached skill level 11 in Conjurations
 14827 | D:11     | Learned a level 6 spell: Iron Shot
 15101 | D:12     | Reached skill level 1 in Earth Magic
 15110 | D:12     | Received a gift from Sif Muna
 15205 | D:12     | Learned a level 3 spell: Stone Arrow
 15284 | D:12     | Reached XP level 12. HP: 89/89 MP: 9/25
 15790 | D:12     | Noticed a two-headed ogre
 15793 | D:12     | Killed a two-headed ogre
 16010 | D:12     | Slain by a skeletal warrior

Illustrated notes

Levels and vault maps discovered:
D:1:      sevenhm_arrival_forest_fort_small_4, layout_loops_ring, serial_shops,
          shop_statue, ebering_ecumenical_altar_petrified
D:2:      layout_rooms, uniq_natasha, uniq_robin
D:3:      minmay_evil_eye, layout_basic, fiery_altar_vehumet,
          grunt_dithmenos_smoke
D:4:      layout_loops_ring, fedhas_altar_2, lemuel_round_altar,
          minmay_temple_entry_hall
D:5:      layout_loops_ring, trog_three_pillars_becter,
          nicolae_wu_jian_immortal_techniques, uniq_sigmund, uniq_duvessa
D:6:      layout_gridville, kiku_gazebo_garden_becter, gammafunk_ghost_grave,
          uniq_pikel, uniq_menkaure, uniq_maggie
D:7:      layout_basic, lightli_ossuary_entry_decrepit_ruins,
          gammafunk_ghost_gnarly_gnolls, minivault_27, kennysheep_minor_cross
D:8:      layout_cave_pods, chequers_temple_overflow_minitemple, uniq_harold
D:9:      layout_roguey, lair_entry_dummy, david_orc_5, enter_bailey_4,
          serial_aquarium, aquarium_bridge_square [aquarium_subvault_bridge,
          aquarium_subvault_bridge, aquarium_subvault_bridge,
          aquarium_subvault_bridge], aquarium_window_corridor_2,
          aquarium_window_1, aquarium_window_corner, aquarium_window_1,
          aquarium_view_2d, aquarium_view_2d
D:10:     layout_roguey, nicolae_uskayaw_en_pointe, uniq_grum
D:11:     layout_basic, serial_shops, nicolae_shop_stone
D:12:     layout_stronghold, uniq_rupert
Temple:   dpeg_chambers_temple

Skill      XL: |  1  2  3  4  5  6  7  8  9 10 11 12 |
---------------+-------------------------------------+-----
Stealth        | 2 3 4 5 6 7 |  7.1
Conjurations   | 5 6 7 8 9 10 11 | 11.3
Dodging        | 2 3 4 6 |  6.7
Spellcasting   | 3 4 6 7 8 9 |  9.9
Polearms       | 2 3 4 |  4.7
Fighting       | 1 2 3 |  3.3
Translocations | 1 2 3 4 |  4.5
Invocations    | 2 3 |  3.1
Hexes          | 1 2 |  2.7
Evocations     | 2 |  2.0
Fire Magic     | 1 |  1.0
Earth Magic    | 2 3 |  3.5

Action                   |  1- 3 |  4- 6 |  7- 9 | 10-12 || total
-------------------------+-------+-------+-------+-------++-------
Melee: Spear             |     5 |    27 |    38 |    33 ||   103
       Tailslap          |       |     1 |     2 |     4 ||     7
 Cast: Magic Dart        |    23 |    49 |    28 |     6 ||   106
       Searing Ray       |     3 |    16 |    67 |    99 ||   185
       Iskenderun's Myst |       |     3 |    14 |    46 ||    63
       Dazzling Flash    |       |       |     2 |       ||     2
       Fulminant Prism   |       |       |       |    31 ||    31
       Conjure Flame     |       |       |       |     7 ||     7
       Stone Arrow       |       |       |       |    18 ||    18
Invok: Channel Magic     |       |       |       |     3 ||     3
Evoke: Wand              |       |       |     1 |     2 ||     3
  Use: Scroll            |       |     2 |     4 |     9 ||    15
 Stab: Sleeping          |       |     1 |       |       ||     1
       Paralysed         |       |       |       |     6 ||     6
Armor: Skin              |     1 |    20 |    64 |    73 ||   158
Dodge: Dodged            |     4 |    38 |    87 |   110 ||   239
       Repelled          |       |     1 |       |       ||     1
